Map: Abyssal Reef LE

Players

Aoret

  • Race: Protoss Protoss
  • League: Gold
  • Spawn Location: 11:00

A.I. 1 (Harder) - Winner!

  • Race: Zerg Zerg
  • Spawn Location: 5:00

VOD

Have the link to the VOD?

Description

Time

  • Played on: June 24, 2017, 11:45 p.m.
  • Length: 2:18
Show
View Real Time Build Order
Export as new Build Order

Aoret Protoss 

Build Orders: 1 Gate Expand 

Get SALT Encoding   

  12  0:01  Probe (Chrono Boost)  
  13  0:11  Probe (Chrono Boost)  
  14  0:17  Pylon  
  14  0:22  Probe (Chrono Boost)  
  15  0:35  Probe (Chrono Boost)  
  16  0:38  Gateway  
  16  0:45  Assimilator  
  16  0:47  Probe (Chrono Boost)  
  17  0:58  Probe (Chrono Boost)  
  18  1:08  Probe (Chrono Boost)  
  19  1:24  Nexus  
  19  1:26  Probe (Chrono Boost)  
  20  1:35  Cybernetics Core  
  20  1:43  Assimilator  
  20  1:45  Probe (Chrono Boost)  
  21  1:55  Probe (Chrono Boost), Pylon  
  22  2:06  Probe (Chrono Boost)  
Show
View Real Time Build Order
Export as new Build Order

A.I. 1 (Harder) Zerg - Winner!

Build Orders: Hatch First 

Get SALT Encoding   

  12  0:01  Drone  
  13  0:12  Overlord  
  13  0:17  Drone  
  14  0:31  Drone x2  
  14  0:34  Drone  
  17  0:55  Hatchery, Drone  
  17  1:12  Spawning Pool  
  17  1:13  Drone  
  17  1:16  Drone  
  18  1:20  Extractor  
  18  1:21  Drone  
  18  1:29  Overlord  
  18  1:38  Drone  
  19  2:00  Zergling x4  
  23  2:02  Roach Warren  
  23  2:08  Extractor  
Tags
 
Add a new tag
Caveats
  • Supply blocks, unpowered buildings, or Contaminate may cause inaccurate times.
  • Supply counts are checked every 10 seconds.